General information
			
			
        
        - name: BNet
 
        - type: Ladder 1vs1/FFA
 
        - host: Battle.net
 
        - saver: clustercluck1
 
        
map: TwistedMeadows 
        - players: 2
 
        - length: 12:11
 
        - speed: Fast
 - version: 1.22 W3XP
 - replay type:  Public
 
» download(43 KB)
Players
        team 1 (winner) 
              
              
clustercluck1 (
purple | 146 APM | 1781 actions | 12:11)
              
 2 Death Knight 
 1 Death Coil
 1 Unholy Aura
 2 Lich 
 1 Frost Nova
 1 Frost Armor
 
                » actions 
                
                | Assign group hotkey | 18 |  | 
| Basic commands | 2 |  | 
| Build / train | 33 |  | 
| Enter build submenu | 12 |  | 
| Enter hero's abilities submenu | 4 |  | 
| Give item / drop item | 1 |  | 
| Remove unit from queue | 1 |  | 
| Right click | 972 |  | 
| Select / deselect | 106 |  | 
| Select group hotkey | 580 |  | 
| Use ability | 52 |  | 
                1781 total
 » units 
                
                | Acolyte | 2 |  | 
| Ghoul | 3 |  | 
| Crypt Fiend | 6 |  | 
| Frost Wyrm | 1 |  | 
| Obsidian Statue | 1 |  | 
                13 total
 » upgrades
                » buildings
                
                | Altar of Darkness | 1 |  | 
| Ziggurat | 4 |  | 
| Crypt | 1 |  | 
| Tomb of Relics | 1 |  | 
| Graveyard | 1 |  | 
| Nerubian Tower | 3 |  | 
| Halls of the Dead | 1 |  | 
| Black Citadel | 2 |  | 
| Sacrificial Pit | 1 |  | 
| Boneyard | 1 |  | 
| Slaughterhouse | 2 |  | 
                18 total
 » build order
                00:02 Altar of Darkness
00:03 Ziggurat
00:33 Crypt
00:54 Tomb of Relics
01:14 Graveyard
02:08 Ziggurat
02:20 Nerubian Tower
03:07 Nerubian Tower
03:13 Halls of the Dead
04:16 Ziggurat
05:35 Black Citadel
07:12 Ziggurat
07:16 Sacrificial Pit
08:05 Nerubian Tower
08:08 Boneyard
08:13 Slaughterhouse
09:24 Slaughterhouse
» items
                
                | Rod of Necromancy | 2 |  | 
| Potion of Healing | 1 |  | 
| Orb of Corruption | 1 |  | 
| Potion of Mana | 2 |  | 
                6 total
  
               team 2 (loser) 
              
              
» 
Leeuw (
orange | 73 APM | 885 actions | 12:07)
              
 2 Pit Lord 
 1 Howl of Terror
 1 Rain of Fire
 
                » actions 
                
                | Assign group hotkey | 18 |  | 
| Basic commands | 14 |  | 
| Build / train | 32 |  | 
| Enter build submenu | 13 |  | 
| Enter hero's abilities submenu | 2 |  | 
| Right click | 472 |  | 
| Select / deselect | 156 |  | 
| Select group hotkey | 150 |  | 
| Use ability | 28 |  | 
                885 total
 » units 
                
                | Peon | 7 |  | 
| Grunt | 11 |  | 
| Demolisher | 1 |  | 
| Forest Troll Shadow Priest | 1 |  | 
| Forest Troll Berserker | 1 |  | 
| Mud Golem | 1 |  | 
                22 total
 » upgrades
                » buildings
                
                | Altar of Storms | 1 |  | 
| Orc Burrow | 6 |  | 
| Barracks | 2 |  | 
| Voodoo Lounge | 1 |  | 
| War Mill | 2 |  | 
| Stronghold | 1 |  | 
                13 total
 » build order
                00:08 Altar of Storms
00:10 Orc Burrow
00:38 Barracks
01:35 Orc Burrow
02:41 Voodoo Lounge
03:36 Barracks
03:46 Orc Burrow
04:54 Orc Burrow
05:55 Orc Burrow
06:06 War Mill
06:29 War Mill
08:49 Stronghold
08:58 Orc Burrow
» items
                
                | Healing Salve | 2 |  | 
| Lesser Clarity Potion | 2 |  | 
| Scroll of Speed | 1 |  | 
                5 total
  
                Chat log
          
(05:40 / All) clustercluck1: oops
(12:04 / All) Leeuw: does that never get boring